 Dungeon Crawl Stone Soup version 0.27-a0-1280-g9d2d252d84 (webtiles) character file.

Game seed: 1249861212411505357

506 Engwar the Slasher (level 6, -2/50 HPs)
             Began as a Palentonga Fighter on June 13, 2021.
             Was a Follower of Okawaru.
             Killed by divine providence
             ... invoked by an orc priest
              (12 damage)
             ... on level 5 of the Dungeon.
             The game lasted 00:20:10 (5683 turns).

Engwar the Slasher (Palentonga Fighter)             Turns: 5683, Time: 00:20:10

Health: -2/50      AC:  8    Str: 21    XL:     6   Next: 97%
Magic:  8/8        EV:  3    Int: 15    God:    Okawaru [*.....]
Gold:   254        SH: 13    Dex:  9    Spells: 5/5 levels left

rFire    . . .     SeeInvis +   a - +1 long sword
rCold    . . .     Faith    .   c - +0 kite shield
rNeg     . . .     Spirit   .   k - +0 chain mail
rPois    .         Reflect  +   (no helmet)
rElec    .         Harm     .   n - +0 cloak
rCorr    .         Rampage  .   (no gloves)
Will     .....                  (no barding)
Stlth    ..........             f - amulet of reflection
HPRegen  0.16/turn              j - +6 ring of intelligence
MPRegen  0.11/turn              (no ring)

@: no status effects
A: large, rugged brown scales 3, see invisible, deformed body, roll 1, armoured
tail
a: Rolling Charge, Renounce Religion, Heroism


You were on level 5 of the Dungeon.
You worshipped Okawaru.
Okawaru was aware of your devotion.
You visited 2 branches of the dungeon, and saw 6 of its levels.

You collected 254 gold pieces.

Inventory:

Hand Weapons
 a - a +1 long sword (weapon)
Missiles
 g - 123 stones
 o - a throwing net
 p - 6 silver javelins
Armour
 c - a +0 kite shield (worn)
 k - a +0 chain mail (worn)
 n - a +0 cloak (worn)
Jewellery
 f - an amulet of reflection (around neck)
 j - a +6 ring of intelligence (left hand)
Scrolls
 h - a scroll of teleportation
 l - a scroll of fog {unknown}
 q - a scroll of enchant weapon
Potions
 b - a potion of flight {unknown}
 e - a potion of heal wounds
 i - a potion of haste {unknown}
 m - a potion of lignification


   Skills:
 - Level 3.0 Fighting
 + Level 6.6 Long Blades
 - Level 2.4 Armour
 - Level 2.4 Shields
 + Level 3.7 Invocations


You had 5 spell levels left.
You didn't know any spells.
Your spell library contained the following spells:

 Spells                   Type           Power      Damage    Failure   Level
 Corona                   Hex            0%         N/A       100%        1
 Magic Dart               Conj           0%         1d3       100%        1
 Blink                    Tloc           N/A        N/A       100%        2
 Call Imp                 Summ           0%         N/A       100%        2
 Ensorcelled Hibernation  Hex/Ice        0%         N/A       100%        2
 Slow                     Hex            0%         N/A       100%        2
 Confusing Touch          Hex            0%         N/A       100%        3
 Conjure Flame            Conj/Fire      0%         6-21      100%        3
 Dazzling Flash           Conj/Hex       0%         N/A       100%        3
 Gell's Gravitas          Tloc           0%         N/A       100%        3
 Mephitic Cloud           Conj/Pois/Air  0%         N/A       100%        3
 Tukima's Dance           Hex            0%         N/A       100%        3
 Petrify                  Tmut/Erth      0%         N/A       100%        4
 Metabolic Englaciation   Hex/Ice        0%         N/A       100%        5
 Yara's Violent Unravell  Hex/Tmut       0%         3d3       100%        5


Dungeon Overview and Level Annotations

Branches:
Dungeon (5/15)             Temple (1/1) D:4

Altars:
Gozag
Okawaru
Trog
Vehumet

Annotations:
D:3 Grinder
D:4 1 runed translucent door, feta's ghost, amateur HOFi


Innate Abilities, Weirdness & Mutations

You are completely covered in rugged brown scales. (AC +3, +7% HP)
You have supernaturally acute eyesight. (SInv)
Armour fits poorly on your strangely shaped body.
You can roll at nearby foes to attack.
You have a long armoured tail.


Message History

You barely miss the orc priest.
The orc priest hits you with a +0 flail.
You hit the orc priest but do no damage.
Your tail-slap misses the orc priest.
You block the orc priest's attack.
You hit the orc priest.
The orc priest is lightly wounded.
You block the orc priest's attack.
The orc priest hits you but does no damage.
You closely miss the orc priest. You tail-slap the orc priest.
The orc priest is heavily wounded.
You block the orc priest's attack.
You barely miss the orc priest.
You tail-slap the orc priest, but do no damage.
The orc priest is moderately wounded.
You block the orc priest's attack.
You hit the orc priest.
The orc priest is severely wounded.
The orc priest drinks a potion.
The orc priest is healed!
The orc priest mumbles some strange prayers to Beogh against you.
Beogh smites you!
You slash the orc priest!
The orc priest is heavily wounded.
The orc priest calls down the wrath of Beogh upon you.
Beogh smites you!
You are too injured to fight recklessly!
You are too injured to fight recklessly!
You are too injured to fight recklessly!
You are too injured to fight recklessly!
You are too injured to fight recklessly!
You are too injured to fight recklessly!
You hit the orc priest.
Your tail-slap misses the orc priest.
The orc priest is severely wounded.
The orc priest hits you with a +0 flail!
* * * LOW HITPOINT WARNING * * *
You hit the orc priest but do no damage.
Your tail-slap misses the orc priest.
The orc priest is severely wounded.
The orc priest calls down the wrath of Beogh upon you.
Beogh smites you!
You die...

##########
#........##
#.......<.#
#....)....#######.##
#....)....)).)......
#........#.####.#.##
######.###.# .#
#.o.###รท### . ##
#.#@<##.o.#.# ..
#+#######.#.#.##.
##...o......
#...........
#....o......
#...........
#..(........
#...........
.............


You could see an orc priest.

Vanquished Creatures
  A necrophage (D:5)
  An ogre (D:4)
  A hound (D:4)
  A jelly (D:4)
  A centaur skeleton (D:4)
  An orc priest (D:4)
  An iguana (D:5)
  2 orc wizards
  2 gnolls (D:2)
  2 adders
  3 worms
  A dart slug (D:1)
  16 orcs
  8 ball pythons
  8 endoplasms
  3 giant cockroaches
  5 goblins
  7 hobgoblins
  7 jackals
  3 kobolds
  A quokka (D:3)
  6 bats
  2 frilled lizards
  4 rats
87 creatures vanquished.

Notes
Turn   | Place    | Note
-------+----------+-------------------------------------------
     0 | D:1      | Engwar the Palentonga Fighter began the quest for the Orb.
     0 | D:1      | Reached XP level 1. HP: 19/19 MP: 1/1
   299 | D:1      | Found a faded altar of an unknown god.
   376 | D:1      | Reached XP level 2. HP: 25/25 MP: 2/2
   535 | D:1      | Reached skill level 3 in Long Blades
  1302 | D:2      | Reached XP level 3. HP: 31/31 MP: 3/3
  1952 | D:2      | Reached skill level 4 in Long Blades
  2462 | D:2      | HP: 1/31 [poisoned by an adder]
  2475 | D:2      | Reached XP level 4. HP: 28/37 MP: 4/4
  2984 | D:3      | Noticed Grinder
  2985 | D:3      | Paralysed by Grinder for 2 turns
  3289 | D:4      | Reached skill level 5 in Long Blades
  3508 | D:4      | Reached XP level 5. HP: 43/43 MP: 5/5
  3585 | D:4      | Found a staircase to the Ecumenical Temple.
  3595 | Temple   | Entered the Ecumenical Temple
  3679 | Temple   | Became a worshipper of Warmaster Okawaru
  4014 | D:4      | Found a runed translucent door.
  4019 | D:4      | Noticed feta's ghost (amateur HOFi)
  4073 | D:4      | Reached skill level 1 in Invocations
  4458 | D:4      | Noticed an ogre
  4470 | D:4      | Killed an ogre
  4471 | D:4      | Reached skill level 6 in Long Blades
  4471 | D:4      | Reached XP level 6. HP: 17/50 MP: 7/7
  4916 | D:3      | Paralysed by Grinder for 5 turns
  4924 | D:3      | Paralysed by Grinder for 6 turns
  5158 | D:5      | Entered Level 5 of the Dungeon
  5269 | D:5      | Reached * piety under Okawaru
  5683 | D:5      | Killed from afar by an orc priest

Illustrated notes

Levels and vault maps discovered:
D:1:      minmay_arrival_plants_in_alcoves, layout_basic,
          chequers_ecumenical_altar_twisty, feat_on_display
D:2:      minmay_thinvault, layout_loops_ring, minmay_misc_feat_roman,
          cheibrodos_gnoll_hut
D:3:      kennysheep_goblin_castle, layout_rooms,
          nicolae_ru_the_path_less_chosen, minmay_misc_feat_chi,
          serial_park_tiny_1, dk_noncrumbling_2, uniq_ijyb, uniq_grinder
D:4:      layout_basic, minmay_temple_entry_trees, ebering_ghost_reflecting_pool
D:5:      layout_rooms, tso_altar, nicolae_overflow_crystal_walls,
          lemuel_doored_altar, biasface_ghost_orc_armoury, uniq_sigmund
Temple:   minmay_temple_forest_path

Skill      XL: |  1  2  3  4  5  6 |
---------------+-------------------+-----
Long Blades    | 3 4 5 6 |  6.6
Invocations    | 2 3 |  3.7
Fighting       | |  3.0
Armour         | |  2.4
Shields        | |  2.4

Action                   |  1- 3 |  4- 6 || total
-------------------------+-------+-------++-------
Melee: Long sword        |   139 |   164 ||   303
       Tailslap          |    15 |    17 ||    32
 Abil: Rolling Charge    |     4 |     3 ||     7
  Use: Potion            |     2 |     2 ||     4
       Scroll            |       |     6 ||     6
Armor: Scale mail        |    88 |     5 ||    93
       Chain mail        |       |    59 ||    59
Dodge: Dodged            |    34 |    14 ||    48
Block: Kite shield       |   112 |    97 ||   209
       Reflection        |       |     2 ||     2
       Rpst.: Long sword |    11 |     2 ||    13

Table legend: (Time is in decaauts)
 A = Elapsed time spent in this place.
 B = Non-inter-level travel time spent in this place.
 C = Inter-level travel time spent in this place.
 D = Time resting spent in this place.
 E = Time spent auto-exploring this place.
 F = Levels seen in this place.
 G = Mean time per level.
                   A        B        C        D        E       F      G
               +--------+--------+--------+--------+--------+-----+--------+
         Total |   5804 |   5438 |    366 |   1482 |   2956 |   6 |  967.3 |
       Dungeon |   5658 |   5353 |    305 |   1482 |   2879 |   5 | 1131.6 |
        Temple |    145 |     84 |     61 |      0 |     77 |   1 |  145.0 |
               +--------+--------+--------+--------+--------+-----+--------+

Top non-repeatable levels by time:
     D:2: 1915 daAuts
     D:4: 1871 daAuts
     D:1: 1208 daAuts
     D:5: 410 daAuts
     D:3: 252 daAuts
  Temple: 145 daAuts
